 Dungeon Crawl Stone Soup version 0.31-a0-446-g07c4bd200f (webtiles) character file.

Game seed: 16963893322876684888

435 Ethylacetat the Insei (level 7, -1/38 HPs)
             Began as a Vine Stalker Monk on Aug 3, 2023.
             Was the Champion of Ignis.
             Slain by an ogre
             ... wielding a +0 giant club
              (17 damage)
             ... on level 5 of the Dungeon.
             The game lasted 00:03:39 (3076 turns).

Ethylacetat the Insei (Vine Stalker Monk)           Turns: 3076, Time: 00:03:39

Health: -1/38      AC:  6    Str: 14    XL:     7   Next: 0%
Magic:  0/13       EV: 13    Int: 10    God:    Ignis [******]
Gold:   142        SH:  0    Dex: 18    Spells: 13/13 levels left

rFire   + .          .
                       - Unarmed
rCold   . . .        c - orb {light}
rNeg    . . .        a - +0 robe
rPois   .            (no helmet)
rElec   .            (no cloak)
rCorr   .            t - +1 pair of gloves
SInv    .            l - +1 pair of boots of Wasted Space {+Inv}
Will    +....        (no amulet)
Stlth   +            i - ring of willpower
HPRegen 1.06/turn    (no ring)
MPRegen 0.13/turn

%: guardian spirit
@: glowing
A: fangs 2, regeneration 1, magic shield, antimagic bite, no potion heal 2
a: Renounce Religion, Evoke Invisibility, Fiery Armour, Foxfire Swarm, Rising
Flame


You were on level 5 of the Dungeon.
You worshipped Ignis.
Ignis was exalted by your worship.
You visited 1 branch of the dungeon, and saw 5 of its levels.

You collected 192 gold pieces.
You spent 50 gold pieces at shops.

Inventory:

Armour
 a - a +0 robe (worn)
 c - an orb of light (worn)
 l - the +1 pair of boots of Wasted Space (worn) {+Inv}
   (You found it on level 2 of the Dungeon)

   +Inv:      It lets you turn invisible.
 t - a +1 pair of gloves (worn)
Jewellery
 i - a ring of willpower (left hand)
Wands
 q - a wand of paralysis (11)
 x - a wand of iceblast (2)
Scrolls
 d - 6 scrolls of identify
 f - a scroll of enchant weapon {unknown}
 g - a scroll of brand weapon {unknown}
 h - 3 scrolls of poison {unknown}
 j - 2 scrolls of enchant armour {unknown}
 o - 5 scrolls of immolation {unknown}
 p - 3 scrolls of teleportation
 s - a scroll of amnesia {unknown}
 u - a scroll of vulnerability {unknown}
 v - a scroll of fear {unknown}
 w - a scroll of fog {unknown}
 y - a scroll of torment {unknown}
Potions
 b - a potion of ambrosia
 e - 3 potions of attraction {unknown}
 k - a potion of resistance {unknown}
 m - a potion of mutation {unknown}
 n - 2 potions of might {unknown}
 r - 2 potions of invisibility {unknown}


   Skills:
 + Level 4.6 Fighting
 - Level 2.4 Dodging
 + Level 5.0 Unarmed Combat
 + Level 3.7 Spellcasting


You had 13 spell levels left.
You didn't know any spells.
Your spell library contained the following spells:

 Spells                   Type           Power      Damage    Failure   Level
 Ensorcelled Hibernation  Hex/Ice        2%         N/A       36%         2
 Ozocubu's Armour         Ice            1%         N/A       61%         3
 Anguish                  Hex/Necr       0%         N/A       95%         4
 Ozocubu's Refrigeration  Ice            0%         4d7       100%        7


Dungeon Overview and Level Annotations

Branches:
Dungeon (5/15)
 Temple: D:4-7

Altars:
Ignis

Shops:
D:2 *   D:4 :


Innate Abilities, Weirdness & Mutations

You have extremely sharp teeth.
Your natural rate of healing is unusually fast.
When hurt, damage is shared between your health and your magic reserves.
Your bite disrupts and absorbs the magic of your enemies.
Potions cannot restore your health.


Message History

An orc is nearby!
You hit the orc but do no damage.
The orc is heavily wounded.
The orc barely misses you.
An orc is nearby!
You punch the orc!
You kill the orc!
You now have 142 gold pieces (gained 15).
Things that are here:
a +0 morningstar; a +0 chain mail
There is a stone staircase leading up here.
An ogre comes into view. It is wielding a +0 giant club.
You hit the ogre but do no damage. You bite the ogre. You drain its power.
The ogre is lightly wounded.
The ogre closely misses you.
An ogre is nearby!
You punch the ogre!
The ogre is moderately wounded.
An ogre is nearby!
You hit the ogre but do no damage. You bite the ogre, but do no damage.
The ogre is moderately wounded.
The ogre hits you with a +0 giant club!!
An ogre is nearby!
An ogre is nearby!
You hit the ogre but do no damage. You bite the ogre. You drain its power.
You feel invigorated.
The ogre is heavily wounded.
The ogre hits you with a +0 giant club!
An ogre is nearby!
You are too injured to fight recklessly!
You are too injured to fight recklessly!
An ogre is nearby!
You are too injured to fight recklessly!
You are too injured to fight recklessly!
You hit the ogre but do no damage. You bite the ogre, but do no damage.
The ogre is heavily wounded.
You hit the ogre but do no damage.
The ogre is heavily wounded.
The ogre hits you with a +0 giant club!!
You die...

## #. ##.# ###
###...#####.## #..
........ ...#.# #.#
#.....# #..#.# #.#
#.#..###..#.# #.#
#O@...#..#.# ##.##
#.#..#.#..#.#
####...#######
#<.#.#..#.#
#...........#
#.......#.#####.#
#.##...####.#
##.#.#..........#
..###.## #.#
#.#.####.#######
####...####.### #)#.#
#)# .....#.......)#
#.#.# #.#
####...##.....###.#.#
#)#


You could see an ogre.

Vanquished Creatures
  Eustachio (D:4)
  A black bear (D:5)
  A phantom (D:5)
  6 adders
  3 worms
  3 dart slugs
  5 orcs
  2 bats (D:3)
  2 endoplasms
  3 giant cockroaches
  8 goblins
  5 hobgoblins
  3 jackals (D:3)
  5 quokkas
  4 ball pythons
  4 frilled lizards
  7 kobolds
  A rat (D:1)
64 creatures vanquished.

Notes
Turn   | Place    | Note
-------+----------+-------------------------------------------
     0 | D:1      | Ethylacetat the Vine Stalker Monk began the quest for the
                  | Orb.
     0 | D:1      | Reached XP level 1. HP: 11/11 MP: 2/2
   174 | D:1      | Reached XP level 2. HP: 16/16 MP: 2/4
   230 | D:1      | Found a faded altar of an unknown god.
   351 | D:1      | Prayed at the altar of an unknown god.
   351 | D:1      | Became a worshipper of Ignis, the Dying Flame
   351 | D:1      | Reached ****** piety under Ignis
   460 | D:1      | Reached skill level 1 in Spellcasting
   822 | D:2      | Reached XP level 3. HP: 16/20 MP: 3/5
   867 | D:2      | Identified the +1 pair of boots of Wasted Space {+Inv}
  1175 | D:2      | Found Vubopeh's General Store.
  1251 | D:2      | Bought a scroll of identify for 20 gold pieces
  1251 | D:2      | Bought a scroll of teleportation for 30 gold pieces
  1297 | D:2      | Gained mutation: Your natural rate of healing is unusually
                  | fast. [Vine Stalker growth]
  1297 | D:2      | Reached XP level 4. HP: 24/24 MP: 7/7
  2224 | D:4      | Found Diupnehiv's Book Emporium.
  2244 | D:4      | Noticed Eustachio
  2264 | D:4      | Killed Eustachio
  2265 | D:4      | Reached skill level 4 in Unarmed Combat
  2265 | D:4      | Reached XP level 5. HP: 25/29 MP: 7/10
  2265 | D:4      | Reached XP level 6. HP: 29/33 MP: 7/11
  2671 | D:5      | Entered Level 5 of the Dungeon
  2799 | D:5      | Noticed a black bear
  2804 | D:5      | Killed a black bear
  3054 | D:5      | Reached skill level 5 in Unarmed Combat
  3054 | D:5      | Reached XP level 7. HP: 38/38 MP: 13/13
  3076 | D:5      | Slain by an ogre

Illustrated notes

Levels and vault maps discovered:
D:1:      dpeg_arrival_round_c, layout_loops_ring,
          shapermc_ecumenical_altar_pompeii
D:2:      layout_rooms, serial_shops, nicolae_shop_tiny_glass, serial_rivers,
          chequers_serial_rivers_room_a, chequers_serial_rivers_micro_d,
          chequers_serial_rivers_large_a, chequers_serial_rivers_room_b,
          chequers_serial_rivers_room_b, kennysheep_flooded_box
D:3:      layout_loops_ring
D:4:      layout_cave_pools, serial_shops, shop, uniq_eustachio
D:5:      layout_loops_ring

Skill      XL: |  1  2  3  4  5  6 |
---------------+-------------------+-----
Fighting       | 3 4 |  4.6
Spellcasting   | 1 3 |  3.7
Unarmed Combat | 4 5 |  5.0
Dodging        | |  2.4

Action                     |  1- 3 |  4- 6 |  7- 9 || total
---------------------------+-------+-------+-------++-------
  Melee: Unarmed           |    71 |   106 |    12 ||   189
         Bite              |    24 |    40 |     6 ||    70
 Armour: Robe              |    12 |    27 |     1 ||    40
  Dodge: Dodged            |    44 |    43 |     5 ||    92

Table legend: (Time is in decaauts)
 A = Elapsed time spent in this place.
 B = Non-inter-level travel time spent in this place.
 C = Inter-level travel time spent in this place.
 D = Time resting spent in this place.
 E = Time spent auto-exploring this place.
 F = Levels seen in this place.
 G = Mean time per level.
                   A        B        C        D        E       F      G
               +--------+--------+--------+--------+--------+-----+--------+
         Total |   3079 |   2941 |    138 |      0 |   2487 |   5 |  615.8 |
       Dungeon |   3079 |   2941 |    138 |      0 |   2487 |   5 |  615.8 |
               +--------+--------+--------+--------+--------+-----+--------+

Top non-repeatable levels by time:
     D:1: 813 daAuts
     D:3: 723 daAuts
     D:2: 585 daAuts
     D:4: 556 daAuts
     D:5: 401 daAuts
